Map: Одиссея РВ

Players

ИИ 1 (ветеран) - Winner!

  • Race: Terran Terran
  • Spawn Location: 11:00

Doll

  • Race: Zerg Zerg
  • Spawn Location: 5:00

VOD

Have the link to the VOD?

Description

Time

  • Played on: April 1, 2021, 10:37 a.m.
  • Length: 14:09
Show
View Real Time Build Order
Export as new Build Order

ИИ 1 (ветеран) Terran - Winner!

Build Orders: 2 Factory 

Get SALT Encoding   

  12  0:00  SCV  
  13  0:13  SCV  
  14  0:18  Supply Depot  
  14  0:25  SCV  
  15  0:39  SCV  
  16  0:44  Barracks  
  16  0:51  SCV  
  17  1:03  SCV  
  18  1:18  Command Center  
  18  1:31  Orbital Command  
  18  1:32  Marine  
  19  1:37  Supply Depot  
  19  1:44  Refinery  
  19  1:50  Marine  
  20  1:57  SCV  
  20  2:00  Barracks  
  21  2:07  Refinery  
  21  2:09  SCV  
  22  2:19  Barracks Tech Lab  
  22  2:22  SCV  
  23  2:29  Supply Depot  
  23  2:34  SCV  
  23  2:37  Marine  
  25  2:46  Marine  
  25  2:47  SCV  
  27  2:55  Marauder  
  27  2:58  SCV  
  30  2:59  SCV  
  30  3:05  Barracks Tech Lab  
  31  3:10  SCV  
  32  3:12  Factory  
  32  3:16  Marauder  
  34  3:22  Refinery  
  34  3:23  Marauder  
  34  3:25  Factory  
  36  3:41  Refinery  
  36  3:48  Marine  
  36  3:52  Marine  
  33  3:58  Hellion  
  27  4:07  Marauder  
  27  4:09  Hellion  
  28  4:10  Marine  
  27  4:19  Factory Tech Lab, SCV  
  27  4:28  Marine x2  
  29  4:31  Factory Tech Lab, SCV  
  29  4:37  SCV  
  31  4:43  SCV  
  32  4:49  SCV  
  33  4:55  SCV  
  34  5:01  SCV  
  35  5:08  Starport  
  35  5:17  Starport  
  35  5:25  Marine  
  36  5:36  Marine  
  37  5:46  Starport Tech Lab  
  37  5:47  Marine  
  38  5:54  Starport Tech Lab  
  38  5:59  Marauder  
  38  6:00  SCV  
  38  6:02  SCV  
  42  6:05  Medivac  
  42  6:08  Supply Depot  
  42  6:11  Marauder  
  46  6:13  SCV  
  46  6:15  SCV  
  48  6:23  Ghost Academy  
  48  6:25  SCV  
  49  6:31  SCV  
  50  6:37  SCV  
  51  6:42  Stimpack  
  51  6:43  SCV  
  52  6:48  Combat Shield  
  52  6:49  SCV  
  52  6:54  Ghost  
  53  6:55  SCV  
  53  6:59  Supply Depot  
  56  7:01  SCV  
  56  7:07  SCV, Engineering Bay  
  58  7:13  SCV  
  59  7:19  SCV  
  60  7:23  Marine  
  60  7:25  SCV  
  62  7:32  SCV, Supply Depot  
  62  7:33  Terran Infantry Armor Level 1  
  62  7:34  Marine  
  64  7:37  SCV  
  65  7:44  SCV  
  65  7:46  Marine  
  67  7:53  SCV  
  67  7:57  Marine  
  67  7:58  SCV, Supply Depot  
  71  8:05  SCV  
  71  8:07  Concussive Shells  
  71  8:09  Marine  
  72  8:20  Marine, SCV, Medivac  
  72  8:21  SCV  
  72  8:23  Supply Depot  
  77  8:30  Missile Turret  
  77  8:32  Marauder  
  77  8:33  Missile Turret  
  79  8:36  Missile Turret  
  79  8:39  Missile Turret  
  79  8:44  Marauder, Raven  
  79  8:46  Sensor Tower  
  79  8:48  Supply Depot  
  83  8:50  Raven  
  83  8:52  Refinery  
  83  8:55  Marauder, Bunker  
  87  9:00  Armory, Bunker  
  87  9:06  Ghost  
  87  9:09  Barracks  
  89  9:17  Hellion  
  80  9:27  Viking, Terran Infantry Weapons Level 1  
  50  9:41  Command Center  
  42  9:48  Marine  
  40  9:55  Marine  
  40  9:57  Barracks Reactor  
  41  10:06  Marine  
  44  10:07  Siege Tank  
  44  10:17  Siege Tank  
  47  10:24  Marine, Raven  
  50  10:39  Hellion  
  52  10:44  Refinery  
  52  10:49  Siege Tank  
  55  11:00  Siege Tank  
  58  11:06  Refinery  
  58  11:08  Medivac  
  58  11:09  Refinery  
  60  11:13  Marine  
  61  11:18  Marine  
  61  11:19  Medivac  
  61  11:24  Marine  
  65  11:29  SCV  
  65  11:30  Marine, SCV  
  65  11:32  SCV  
  69  11:36  Hellion  
  69  11:38  Medivac  
  73  11:41  SCV  
  73  11:43  SCV  
  75  11:49  Raven  
  77  11:56  SCV  
  77  11:57  SCV  
  75  12:01  Siege Tank  
  75  12:06  Marine  
  75  12:08  SCV  
  68  12:09  SCV  
  68  12:10  Marine  
  68  12:14  Marine  
  55  12:17  Marine  
  44  12:44  Siege Tank  
  44  12:47  SCV  
  44  12:49  SCV  
  49  12:57  Marauder  
  51  12:59  SCV  
  51  13:00  Marine  
  51  13:03  Marine  
  54  13:05  Marine  
  55  13:18  Marauder, Marine  
  58  13:21  Widow Mine  
  60  13:32  Medivac  
  65  13:36  Marauder  
  65  13:38  Marine  
  66  13:41  Marine  
  66  13:44  Marine  
  63  13:52  Command Center  
Show
View Real Time Build Order
Export as new Build Order

Doll Zerg 

Build Orders: Pool First 

Get SALT Encoding   

  12  0:00  Drone  
  13  0:12  Overlord  
  13  0:17  Drone  
  14  0:35  Spawning Pool  
  14  0:38  Drone  
  14  0:41  Drone  
  15  0:45  Drone  
  16  0:50  Drone  
  17  0:59  Extractor  
  17  1:00  Drone  
  17  1:11  Drone  
  18  1:22  Zergling x2, Queen  
  21  1:33  Roach Warren, Overlord  
  20  1:42  Zergling x2  
  21  1:54  Zergling x2  
  22  1:55  Spine Crawler  
  21  2:05  Zergling x2  
  22  2:13  Lair  
  22  2:15  Roach  
  24  2:26  Roach  
  26  2:31  Roach  
  26  2:34  Overlord  
  28  2:38  Roach  
  30  2:55  Drone x2  
  32  3:06  Hatchery  
  31  3:13  Drone  
  31  3:16  Drone  
  31  3:18  Drone  
  34  3:22  Drone  
  34  3:25  Drone  
  36  3:30  Extractor  
  36  3:31  Drone  
  36  3:41  Drone  
  37  3:43  Glial Reconstitution  
  37  3:48  Overlord  
  37  3:56  Overlord  
  37  4:01  Metabolic Boost  
  35  4:11  Roach  
  35  4:12  Roach  
  35  4:13  Zergling x2  
  40  4:23  Drone x2  
  40  4:28  Queen  
  36  4:32  Drone  
  36  4:35  Drone  
  36  4:38  Drone  
  39  4:41  Drone  
  39  4:44  Drone  
  40  4:46  Drone  
  40  4:54  Roach  
  40  4:55  Roach  
  44  5:02  Drone  
  44  5:03  Drone  
  46  5:19  Drone  
  46  5:20  Drone  
  46  5:21  Drone  
  49  5:22  Hatchery  
  49  5:23  Drone  
  49  5:26  Roach  
  51  5:31  Roach  
  51  5:32  Roach  
  55  5:39  Drone  
  55  5:40  Drone  
  57  5:44  Hydralisk Den  
  57  5:47  Drone x2  
  57  5:48  Drone  
  57  5:49  Drone  
  60  5:51  Overlord  
  60  6:06  Hatchery, Overlord  
  59  6:14  Hydralisk x2  
  59  6:15  Hydralisk  
  59  6:18  Drone x2  
  66  6:20  Drone  
  66  6:22  Extractor  
  66  6:25  Hydralisk  
  69  6:27  Hydralisk  
  69  6:32  Hydralisk  
  71  6:37  Hydralisk  
  71  6:38  Hydralisk  
  77  6:40  Overlord  
  77  6:46  Drone x2  
  77  6:47  Drone x2  
  80  6:52  Overlord  
  81  6:59  Drone x2  
  83  7:05  Drone  
  83  7:06  Drone  
  83  7:08  Queen  
  85  7:09  Overlord  
  85  7:15  Drone x2  
  88  7:16  Infestation Pit, Drone x3  
  88  7:21  Drone x2  
  88  7:22  Extractor  
  92  7:27  Drone x2  
  92  7:28  Hydralisk  
  96  7:30  Hydralisk  
  98  7:37  Evolution Chamber, Drone x2  
  98  7:38  Evolution Chamber  
  98  7:39  Drone  
  98  7:41  Evolution Chamber  
  98  7:42  Pneumatized Carapace  
  98  7:43  Overseer  
  98  7:44  Overseer  
  98  7:47  Hydralisk  
  98  7:48  Hydralisk  
  98  7:51  Hydralisk  
  102  7:53  Infestor  
  102  7:56  Drone x2  
  108  7:58  Overlord  
  108  8:03  Zerg Melee Weapons Level 1  
  108  8:10  Zerg Missile Weapons Level 1  
  108  8:11  Drone x3  
  108  8:12  Drone, Overlord  
  112  8:13  Overlord  
  112  8:28  Hatchery  
  112  8:32  Infestor  
  112  8:34  Drone x6  
  115  8:35  Drone  
  115  8:37  Infestor  
  122  8:44  Extractor  
  122  8:45  Extractor, Queen x2  
  122  8:47  Queen  
  126  8:51  Zerg Ground Armor Level 1  
  126  8:54  Zergling x2  
  126  8:55  Zergling x6  
  130  8:56  Zergling x2  
  130  8:57  Drone  
  130  8:58  Drone  
  130  8:59  Drone  
  133  9:22  Hive  
  133  9:23  Zergling x4, Hydralisk x2  
  135  9:25  Overlord x3  
  135  9:26  Overlord  
  131  9:41  Baneling Nest  
  131  9:43  Spore Crawler  
  131  9:45  Roach x3  
  133  9:46  Roach x4, Hatchery  
  133  9:47  Roach  
  133  9:49  Roach  
  133  9:51  Roach  
  136  10:06  Hydralisk  
  128  10:07  Infestor x3  
  128  10:08  Zergling x4  
  128  10:09  Zergling x8  
  128  10:10  Zergling x2  
  141  10:15  Hydralisk x2  
  141  10:17  Hydralisk  
  141  10:19  Roach  
  151  10:21  Roach  
  151  10:25  Hydralisk  
  151  10:26  Hydralisk  
  155  10:28  Drone  
  155  10:29  Drone  
  155  10:30  Drone  
  155  10:31  Drone  
  155  10:33  Drone  
  155  10:34  Drone  
  161  10:36  Drone  
  161  10:37  Drone  
  161  10:38  Drone  
  161  10:39  Drone  
  161  10:41  Hydralisk  
  167  10:43  Hydralisk  
  167  10:46  Hydralisk  
  167  10:49  Centrifical Hooks  
  171  12:00  Spire  
Tags
 
Add a new tag
Caveats
  • Supply blocks, unpowered buildings, or Contaminate may cause inaccurate times.
  • Supply counts are checked every 10 seconds.